 Dungeon Crawl Stone Soup version 0.29.1-1-gd02db6906a (webtiles) character file.

Game seed: 9650056037420054796

20 lonewolfV2 the Chiller (level 2, -23/11 HPs)
             Began as a Felid Ice Elementalist on Oct 14, 2022.
             Killed by an exploding hobgoblin (34 damage)
             ... ignited by their inner flame
             ... on level 2 of the Dungeon.
             The game lasted 00:02:30 (1356 turns).

lonewolfV2 the Chiller (Felid Ice Elementalist)     Turns: 1356, Time: 00:02:31

Health: -23/11     AC:  5    Str:  4    XL:     2   Next: 58%
Magic:  6/6        EV: 17    Int: 16    God:
Gold:   74         SH:  0    Dex: 16    Spells: 4/5 levels left
                                        Lives:  0   Deaths: 0

rFire   . . .      SeeInvis +   (weapon unavailable)
rCold   . . .      Faith    .   (shield unavailable)
rNeg    . . .      Spirit   .   (body armour unavailable)
rPois   .          Reflect  .   (helmet unavailable)
rElec   .          Harm     .   (cloak unavailable)
rCorr   .          Rampage  .   (gloves unavailable)
Will    .....                   (boots unavailable)
Stlth   ++........              (no amulet)
HPRegen 0.03/turn               d - +4 ring of protection
MPRegen 0.10/turn               (no ring)

@: quick
A: very small, claws 1, fangs 3, see invisible, speed 1, shaggy fur 1, stealthy
paws, no weapons or thrown items, no armour, multi-lived
a: no special abilities


You were on level 2 of the Dungeon.
You visited 1 branch of the dungeon, and saw 2 of its levels.

You collected 74 gold pieces.

Inventory:

Jewellery
 d - a +4 ring of protection (left paw)
Potions
 a - a potion of magic
 b - 3 potions of brilliance {unknown}
 c - 2 potions of might {unknown}
 f - a potion of ambrosia {unknown}


   Skills:
 + Level 2.8 Dodging
 + Level 2.8 Stealth
 + Level 2.3 Spellcasting
 + Level 4.0 Ice Magic


You had 4 spell levels left.
You knew the following spells:

 Your Spells              Type           Power      Damage    Failure   Level
a - Freeze                Ice            56%        1d7       3%          1

Your spell library contained the following spells:

 Spells                   Type           Power      Damage    Failure   Level
 Frozen Ramparts          Ice            28%        1d5       12%         3
 Ozocubu's Armour         Ice            14%        N/A       12%         3
 Ignite Poison            Fire/Tmut/Pois 1%         N/A       52%         3
 Mephitic Cloud           Conj/Pois/Air  1%         N/A       52%         3
 Hailstorm                Conj/Ice       8%         3d4       65%         4
 Freezing Cloud           Conj/Ice/Air   3%         6-21      97%         5


Dungeon Overview and Level Annotations

Branches:
Dungeon (2/15)

Altars:


Innate Abilities, Weirdness & Mutations

You have sharp claws.
You have razor-sharp teeth.
You have supernaturally acute eyesight. (SInv)
You cover ground quickly. (Speed+)
You are covered in fur. (AC +1)
Your paws help you pounce on unaware monsters.
You are incapable of wielding weapons or throwing items.
You cannot wear armour.
You gain extra lives every three experience levels.


Message History

a +0 short sword; a kobold corpse A ball python comes into view.
A ball python is nearby!
A ball python is nearby!
Found a short sword and a black potion.
The ball python hisses angrily.
Casting: Freeze (safe; 3% risk of failure)
Confirm with . or Enter, or press ? or * to list all spells.
Aiming: Freeze (safe; 3% risk of failure)
Press: ? - help, Shift-Dir - straight line, f - ball python
Aim: a ball python You freeze the ball python!
You kill the ball python!
Found a dagger.
You see here a +0 short sword.
b - 3 black potions (gained 1)
Found a leather armour.
A hobgoblin comes into view.
The hobgoblin shouts!
As you read the scroll labelled WALUOB XASCH, it crumbles to dust.
It is a scroll of enchant armour.
You aren't carrying any armour which can be enchanted further.
A goblin comes into view. It is wielding a +0 club.
As you read the scroll labelled AGAUVU DORECA, it crumbles to dust.
The creatures around you are filled with an inner flame!
It was a scroll of immolation.
Found a shiny orb and a bubbling pink potion.
Found 6 gold pieces and a pair of boots.
Found a scale mail.
You see here a +0 scale mail.
Found 17 gold pieces.
A ball python comes into view.
Found a stone staircase leading down.
You scratch the hobgoblin.
Flame seeps out of the hobgoblin.
The hobgoblin is moderately wounded.
The hobgoblin is engulfed in blazing flames.
The hobgoblin explodes!
The fiery explosion engulfs you!!
Ouch! That really hurt!
You die...

#..............
#.......$...... ..
#S............. ...
#>.............
...#
#..............
.....
#..............
....## #.# #..[
#.################.
#.@○§........[.....
###############....
#.... #...[ #.!..
#.... #.... #....


There were no monsters in sight!

Vanquished Creatures
  2 dart slugs (D:1)
  A goblin (D:1)
  3 hobgoblins
  6 kobolds
  A quokka (D:1)
  2 ball pythons
  A bat (D:1)
  A frilled lizard (D:1)
  A rat (D:1)
18 creatures vanquished.

Notes
Turn   | Place    | Note
-------+----------+-------------------------------------------
     0 | D:1      | lonewolfV2 the Felid Ice Elementalist began the quest for
                  | the Orb.
     0 | D:1      | Reached XP level 1. HP: 7/7 MP: 4/4
   226 | D:1      | Reached skill level 4 in Ice Magic
   226 | D:1      | Reached XP level 2. HP: 4/11 MP: 0/6
  1356 | D:2      | Killed by an exploding hobgoblin... ignited by their inner
                  | flame

Illustrated notes

Levels and vault maps discovered:
D:1:      dpeg_arrival_line_fractal, layout_basic
D:2:      layout_basic

Skill      XL: |  1 |
---------------+----+-----
Ice Magic      | 4 |  4.0
Dodging        | |  2.8
Stealth        | |  2.8
Spellcasting   | |  2.3

Action                   || total
-------------------------++-------
Melee: Unarmed           ||     6
 Cast: Freeze            ||    25
  Use: Scroll            ||     2
Armor: Skin              ||     4
Dodge: Dodged            ||    18
